 Dungeon Crawl Stone Soup version 0.24.0-1-gfbc8707 (webtiles) character file.

Game seed: 15903597379861711088, levelgen mode: deterministic

5436 TheDoctor the Covert (level 10, -6/68 HPs)
             Began as an Octopode Fighter on Nov 7, 2019.
             Was a Priest of Kikubaaqudgha.
             Killed from afar by Harold (18 damage)
             ... with a harpoon shot
             ... on level 9 of the Dungeon.
             The game lasted 01:07:29 (14214 turns).

TheDoctor the Covert (Octopode Fighter)            Turns: 14214, Time: 01:07:30

Health: -6/68      AC:  1    Str: 15    XL:     10   Next: 68%
Magic:  14/14      EV: 15    Int: 14    God:    Kikubaaqudgha [***...]
Gold:   527        SH: 11    Dex: 17    Spells: 0/15 levels left

rFire    + . .     SeeInvis .   E - +1 morningstar (venom)
rCold    . . .     Gourm    .   b - +0 shield
rNeg     . . .     Faith    .   (helmet restricted)
rPois    +         Spirit   .   (no amulet)
rElec    .         Reflect  .   s - ring of protection from fire
rCorr    .         Harm     .   u - +5 ring of dexterity
MR       .....                  J - ring of poison resistance
Stlth    +++++.....             (no ring)
HPRegen  0.21/turn              (no ring)
MPRegen  0.14/turn              (no ring)
                                (no ring)
                                (no ring)

@: marked
A: almost no armour, stealthy swim, amphibious, 8 rings, constrict 8, camouflage
1, gelatinous body 1
a: Receive Corpses, Renounce Religion


You were on level 9 of the Dungeon.
You worshipped Kikubaaqudgha.
Kikubaaqudgha was most pleased with you.
You were hungry.

You visited 2 branches of the dungeon, and saw 11 of its levels.

You collected 527 gold pieces.

Inventory:

Hand Weapons
 a - a +1 trident
 t - a +0 hunting sling
 w - a +2 mace of crushing
 E - a +1 morningstar of venom (weapon)
 G - a +2 dagger of holy wrath
Missiles
 e - 227 stones
 q - 48 sling bullets
 v - a throwing net (quivered)
 x - 2 boomerangs
 D - 8 javelins
Armour
 b - a +0 shield (worn)
Magical Staves
 C - a cursed staff of death {unknown}
 K - an uncursed staff of poison {unknown}
Jewellery
 s - a ring of protection from fire (left tentacle)
 u - a +5 ring of dexterity (right tentacle)
 J - a ring of poison resistance (on tentacle)
Wands
 y - a wand of flame (13)
 N - a wand of paralysis (4)
 Q - a wand of random effects (15)
Scrolls
 f - 3 scrolls of magic mapping
 g - 4 scrolls of amnesia
 h - 2 scrolls of teleportation
 k - 3 scrolls of remove curse
 o - a scroll of fog
 p - 2 scrolls of immolation
 r - 3 scrolls of enchant weapon
 I - a scroll of random uselessness {unknown}
 M - 2 scrolls of fear {unknown}
 O - a scroll of vulnerability {unknown}
Potions
 c - 3 potions of might
 i - a potion of magic {unknown}
 j - 6 potions of mutation
 l - 2 potions of agility
 m - a potion of flight {unknown}
 n - a potion of curing
 z - a potion of berserk rage
 A - 2 potions of degeneration {unknown}
 B - a potion of resistance {unknown}
 F - a potion of lignification {unknown}
 H - a potion of ambrosia {unknown}
 L - a potion of haste {unknown}
Comestibles
 d - 16 rations
 P - a chunk of flesh


   Skills:
 - Level 6.0 Fighting
 - Level 4.2 Maces & Flails
 - Level 2.0 Polearms
 - Level 3.2 Throwing
 - Level 5.0 Dodging
 - Level 9.0 Stealth
 - Level 8.0 Shields
 - Level 3.2 Spellcasting
 + Level 5.8 Necromancy
 - Level 5.0 Evocations


You couldn't memorise any spells.
You knew the following spells:

 Your Spells              Type           Power        Failure   Level  Hunger
a - Animate Skeleton      Necr           N/A          4%          1    #......
b - Animate Dead          Necr           N/A          43%         4    #####..
c - Borgnjor's Vile Clut  Necr/Erth      ##........   99%         5    ######.
d - Dispel Undead         Necr           ###.....     78%         5    ######.

Your spell library contained the following spells:

 Spells                   Type           Power        Failure   Level  Hunger
 Pain                     Necr           ###.         4%          1    #......
 Sublimation of Blood     Necr           ###.......   7%          2    ##.....
 Vampiric Draining        Necr           ###.......   14%         3    ###....
 Magic Dart               Conj           #...         45%         1    #......
 Searing Ray              Conj           #.....       61%         2    ##.....
 Dazzling Spray           Conj/Hex       #.....       83%         3    ###....
 Force Lance              Conj/Tloc      #.......     99%         4    #####..
 Fulminant Prism          Conj/Hex       #.........   99%         4    #####..
 Iskenderun's Mystic Bla  Conj           #.......     99%         4    #####..
 Excruciating Wounds      Chrm/Necr      ##........   99%         5    ######.
 Death Channel            Necr           ###.......   100%        6    #######


Dungeon Overview and Level Annotations

Branches:
Dungeon (10/15)            Temple (1/1) D:4            Lair (0/6) D:9
    Orc (0/2) D:9

Altars:
Ashenzari
Cheibriados
Dithmenos
Elyvilon
Fedhas
Gozag
Hepliaklqana
Kikubaaqudgha
Makhleb
Nemelex Xobeh
Okawaru
Qazlal
Ru
Sif Muna
Trog
Uskayaw
Vehumet
Wu Jian
Xom
Yredelemnul
Zin
The Shining One

Annotations:
D:5 exclusion: ice beast
D:7 exclusion: centaur
D:9 exclusion: 2 doors, Harold
D:10 exclusion: gargoyle


Innate Abilities, Weirdness & Mutations

You cannot wear most types of armour.
You are very stealthy in the water. (Stealth+)
You are amphibious.
You can wear up to eight rings at the same time.
You can use your tentacles to constrict eight enemies at once.
Your skin changes colour to match your surroundings (Stealth+).
Your rubbery body absorbs attacks. (AC +1, EV +1)


Message History

You struggle against the net.
You rip the net and break free!
There is an open door here.
There is a stone staircase leading up here.
Okay, then.
Unknown command.
Unknown command.
Unknown command.
Unknown command.
Harold hits you with a +0 mace!
* * * LOW HITPOINT WARNING * * *
You climb upwards.
Level annotation: exclusion: 2 doors
There is a stone staircase leading down here.
Harold gestures at you while chanting. You block the harpoon shot.
Harold points at you and mumbles some strange words.
The harpoon shot hits you!!
You die...
Kikubaaqudgha rasps: "You have failed me!
Welcome... death!"

.#.# #....####.....#### #.#
.#.######.#.##..#.#'#<...####.##
.#........#.#...#..............#
##........#.#.#.#..............#
..........#.#.#................#
##........#.#.#................#
.+........#.#.#..>.....[.......#
.#.......##.#@###..............#
###.........#...@..............#
########.########..............#
.......#.......(...............#
###.####.#####.#..##############
#...............#
#..###.#####....#
#...............#####
##.###.#####.#..#...# #.#
#.......#..#.#.#


You could see Harold.

Vanquished Creatures
  Pikel (D:4)
  Grum (D:8)
  A porcupine (D:9)
  An ice beast (D:9)
  6 orc warriors
  Duvessa (D:6)
  A slave (D:4)
  2 sky beasts (D:9)
  A black bear (D:9)
  A necrophage (D:9)
  2 phantoms (D:4)
  2 ogres
  4 wolves (D:8)
  3 centaurs
  A crocodile (D:9)
  A big kobold (D:9)
  9 bullfrogs
  A wyvern zombie (D:8)
  Dowan (D:6)
  3 scorpions
  10 killer bees (D:8)
  A howler monkey (D:5)
  2 crimson imps
  A centaur zombie (D:7)
  7 hounds
  3 bullfrog skeletons
  4 orc priests
  2 jellies
  4 iguanas
  7 orc wizards
  6 worker ants
  A killer bee zombie (D:9)
  2 hound skeletons (D:7)
  2 worker ant zombies
  Robin (D:3)
  A gnoll (D:1)
  7 adders
  3 shadow imps
  2 oozes
  2 adder zombies
  2 worms
  2 dart slugs
  7 leopard geckos
  21 orcs
  10 giant cockroaches
  14 goblins
  7 hobgoblins
  6 jackals
  3 quokkas
  5 bats
  7 frilled lizards
  3 kobolds
  2 leopard gecko skeletons
  A leopard gecko zombie (D:4)
  6 rats
  2 fungi (D:9)
  2 plants (D:9)
211 creatures vanquished.

Vanquished Creatures (others)
  An ogre (D:4)
  An orc wizard (D:4)
  A worker ant (D:4)
  A giant cockroach (D:4)
  A quokka skeleton (D:4)
  5 fungi (D:9)
  3 plants (D:9)
13 creatures vanquished.

Grand Total: 224 creatures vanquished

Notes
Turn   | Place    | Note
-------+----------+-------------------------------------------
     0 | D:1      | TheDoctor the Octopode Fighter began the quest for the Orb.
     0 | D:1      | Reached XP level 1. HP: 16/16 MP: 1/1
    36 | D:1      | Reached skill level 1 in Stealth
   147 | D:1      | Reached skill level 2 in Stealth
   304 | D:1      | Reached XP level 2. HP: 21/21 MP: 2/2
   435 | D:1      | Reached skill level 3 in Stealth
  1321 | D:2      | Reached XP level 3. HP: 26/26 MP: 3/3
  1389 | D:2      | Reached skill level 4 in Stealth
  2465 | D:1      | Reached skill level 5 in Stealth
  2572 | D:2      | Reached XP level 4. HP: 31/31 MP: 4/4
  2773 | D:3      | Found a snail-covered altar of Cheibriados.
  3591 | D:3      | Reached XP level 5. HP: 35/37 MP: 5/5
  3748 | D:3      | Noticed Robin
  3796 | D:3      | Killed Robin
  3998 | D:3      | Found an ornate altar of the Wu Jian Council.
  4270 | D:4      | Noticed a phantom
  4409 | D:4      | Reached skill level 5 in Fighting
  4423 | D:4      | Reached XP level 6. HP: 44/45 MP: 6/6
  4429 | D:4      | You fall into a shaft and drop 1 floor!
  4429 | D:5      | Entered Level 5 of the Dungeon
  4495 | D:4      | Noticed a phantom
  4565 | D:4      | Killed a phantom
  4570 | D:4      | Noticed a slave
  4781 | D:4      | Found a staircase to the Ecumenical Temple.
  4791 | Temple   | Entered the Ecumenical Temple
  4884 | Temple   | Became a worshipper of Kikubaaqudgha
  4969 | D:4      | Killed a phantom
  4973 | D:4      | Reached XP level 7. HP: 50/50 MP: 7/7
  5006 | D:4      | Found a radiant altar of Vehumet.
  5271 | D:4      | Noticed Pikel
  5288 | D:4      | Killed Pikel
  5288 | D:4      | Reached XP level 8. HP: 43/55 MP: 8/8
  5556 | D:4      | Found a burning altar of Makhleb.
  5557 | D:4      | Found a stormy altar of Qazlal.
  5558 | D:4      | Found a sparkling altar of Nemelex Xobeh.
  6894 | D:5      | Reached skill level 5 in Dodging
  6978 | D:5      | Reached skill level 1 in Throwing
  7940 | D:6      | Found a snail-covered altar of Cheibriados.
  7975 | D:6      | Reached * piety under Kikubaaqudgha
  7975 | D:6      | Identified Kikubaaqudgha's Volume of Evil Rituals
                  | (Kikubaaqudgha gifted it to you on level 6 of the Dungeon)
  7975 | D:6      | Received a gift from Kikubaaqudgha
  8112 | D:6      | Learned a level 1 spell: Animate Skeleton
  8136 | D:6      | Reached XP level 9. HP: 62/62 MP: 9/9
  8403 | D:6      | Reached skill level 1 in Necromancy
  8429 | D:6      | Noticed Duvessa
  8429 | D:6      | Noticed Dowan
  8497 | D:6      | Killed Dowan
  8498 | D:6      | Killed Duvessa
  9933 | D:7      | Reached skill level 1 in Evocations
  9978 | D:7      | Found a shimmering blue altar of Sif Muna.
  9984 | D:7      | Found a basalt altar of Yredelemnul.
  9985 | D:7      | Found a white marble altar of Elyvilon.
  9996 | D:7      | Found a hide-covered altar of Uskayaw.
 10307 | D:8      | Reached ** piety under Kikubaaqudgha
 10558 | D:8      | Found a shattered altar of Ashenzari.
 10820 | D:8      | Reached skill level 5 in Necromancy
 10823 | D:8      | Noticed Grum
 11184 | D:8      | Reached XP level 10. HP: 61/68 MP: 13/13
 11222 | D:8      | Reached skill level 5 in Evocations
 11340 | D:8      | Reached skill level 1 in Spellcasting
 11386 | D:8      | Reached skill level 6 in Stealth
 11649 | D:8      | Killed Grum
 11839 | D:9      | Found a glowing golden altar of the Shining One.
 12108 | D:9      | Reached skill level 7 in Stealth
 12620 | D:9      | Reached skill level 8 in Stealth
 12879 | D:9      | Found a staircase to the Lair.
 13012 | D:9      | Reached skill level 9 in Stealth
 13244 | D:9      | Reached *** piety under Kikubaaqudgha
 13244 | D:9      | Identified Kikubaaqudgha's Papyrus of Sinister Arts
                  | (Kikubaaqudgha gifted it to you on level 9 of the Dungeon)
 13244 | D:9      | Received a gift from Kikubaaqudgha
 13278 | D:9      | Learned a level 4 spell: Animate Dead
 13284 | D:9      | Learned a level 5 spell: Borgnjor's Vile Clutch
 13290 | D:9      | Learned a level 5 spell: Dispel Undead
 13307 | D:9      | Found a staircase to the Orcish Mines.
 13818 | D:10     | Entered Level 10 of the Dungeon
 14022 | D:10     | Noticed a gargoyle
 14143 | D:10     | Noticed Harold
 14214 | D:9      | Killed from afar by Harold

Levels and vault maps discovered:
D:1:      dpeg_arrival_refuge, layout_basic, hangedman_decor_points,
          minmay_misc_feat_x
D:2:      minmay_alternating_diamond, layout_basic, st_stairs_5,
          grunt_ministairs_10, skrybe_limestone_x
D:3:      layout_loops_ring, cheibriados_altar_1, lemuel_doored_altar,
          uniq_robin
D:4:      cheibrodos_barr_body, layout_loops_ring,
          chequers_temple_overflow_statue_of_worship,
          minmay_temple_entry_poolview, first_ration, uniq_pikel
D:5:      layout_gridville
D:6:      layout_basic, basic_altar, grunt_decor_fettered, uniq_duvessa
D:7:      nicolae_whirlpool, layout_rooms, nicolae_overflow_quartered_altars
D:8:      layout_loops_ring, nicolae_ashenzari_panopticon, uniq_grum
D:9:      layout_basic, tso_oasis_becter, grunt_lair_entry_orc_guard_hut,
          david_orc_2, blue_anna_alchemist [blue_anna_fruit_fields,
          blue_anna_fruit_fields]
D:10:     layout_stronghold, uniq_snorg, uniq_harold
Temple:   jpeg_temple_alley_garden

Skill      XL: |  1  2  3  4  5  6  7  8  9 10 |
---------------+-------------------------------+-----
Stealth        | 2 3 5 9 |  9.0
Fighting       | 4 5 6 |  6.0
Maces & Flails | 3 4 |  4.2
Shields        | 6 8 |  8.0
Dodging        | 5 |  5.0
Throwing       | 3 |  3.2
Necromancy     | 5 |  5.8
Evocations     | 4 5 |  5.0
Spellcasting   | 3 |  3.2
Polearms       | |  2.0

Action                   |  1- 3 |  4- 6 |  7- 9 | 10-12 || total
-------------------------+-------+-------+-------+-------++-------
Melee: Trident           |    63 |    30 |       |       ||    93
       Constrict         |    16 |    17 |    58 |    30 ||   121
       Tentacles         |     9 |    11 |    50 |    40 ||   110
       Mace              |       |    31 |       |       ||    31
       Morningstar       |       |    14 |   185 |   134 ||   333
       Dagger            |       |    16 |     8 |       ||    24
Throw: Stone             |    84 |    57 |   164 |    82 ||   387
       Boomerang         |       |     6 |       |       ||     6
       Javelin           |       |     3 |     4 |       ||     7
 Cast: Animate Skeleton  |       |       |     5 |       ||     5
Invok: Receive Corpses   |       |       |     1 |       ||     1
Evoke: Wand              |       |       |     2 |     7 ||     9
  Use: Scroll            |     2 |     4 |     8 |       ||    14
       Potion            |       |       |     3 |       ||     3
 Stab: Sleeping          |     2 |     3 |     6 |     4 ||    15
       Distracted        |       |       |       |     1 ||     1
  Eat: Chunk             |     3 |     5 |    20 |     7 ||    35
       Ration            |     1 |       |       |     1 ||     2
Armor: Skin              |     1 |     1 |     4 |     4 ||    10
Dodge: Dodged            |    18 |    27 |    73 |    65 ||   183
Block: Shield            |    19 |    21 |   106 |    47 ||   193
